 Dungeon Crawl Stone Soup version 0.28-a0-726-g4a9143789a (webtiles) character file.

Game seed: 11255917252211669264

171 spiderkeys the Skirmisher (level 5, -2/41 HPs)
             Began as a Djinni Abyssal Knight on Oct 27, 2021.
             Was a Follower of Lugonu.
             Slain by an orc priest (5 damage)
             ... on level 3 of the Dungeon.
             The game lasted 00:04:06 (3450 turns).

spiderkeys the Skirmisher (Djinni Abyssal Knight)   Turns: 3450, Time: 00:04:07

Health: -2/41      AC:  3    Str: 12    XL:     5   Next: 81%
Gold:   88         EV: 13    Int: 12    God:    Lugonu [*.....] SH:  0 Dex: 20

rFire   + + +      SeeInvis +   a - +1 falchion
rCold   + . .      Faith    .   (no shield)
rNeg    . . .      Spirit   .   b - +0 leather armour
rPois   ∞          Reflect  .   (no helmet)
rElec   .          Harm     .   (no cloak)
rCorr   .          Rampage  .   (no gloves)
Will    .....                   (boots unavailable)
Stlth   +.........              (no amulet)
HPRegen 0.13/turn               c - ring "Uvoceyst" {Drain rF+ rC++ Dex+6 SInv}
MPRegen 0.00/turn               (no ring)

@: flying
A: sickness immunity, fire resistance 2, cold vulnerability 1, float, innate
caster, hp casting, extra vitality 1
a: Renounce Religion, Depart the Abyss


You were on level 3 of the Dungeon.
You worshipped Lugonu.
Lugonu was aware of your devotion.
You visited 1 branch of the dungeon, and saw 3 of its levels.
You visited the Abyss 1 time.

You collected 88 gold pieces.


Innate Abilities, Weirdness & Mutations

You are immune to sickness and miasma.
You are immune to poison.
Your flesh is very heat resistant. (rF++)
You are vulnerable to cold. (rC-)
You float through the air rather than walking.
You learn spells naturally, not from books.
Your magical power is your life essence.
You have superior vitality. (+4 HP)


   Skills:
 + Level 3.7 Fighting
 + Level 2.7 Long Blades
 - Level 1.0 Armour
 + Level 3.3 Dodging
 + Level 1.3 Spellcasting
 + Level 2.8 Invocations


You had 3 spell levels left.
You knew the following spells:

 Your Spells              Type           Power      Damage    Failure   Level
f - Freeze                Ice            16%        1d4       22%         1
B - Blink                 Tloc           8%         N/A       32%         2
Your spell library was empty.

Inventory:

Hand Weapons
 a - a +1 falchion (weapon)
Missiles
 d - 12 poisoned darts
 e - 99 stones
 g - 14 bolts
Armour
 b - a +0 leather armour (worn)
 j - a +0 hat
   (You found it on level 2 of the Dungeon)
Magical Staves
 h - a staff of earth {!a}
   (You found it on level 1 of the Dungeon)
Jewellery
 c - the ring "Uvoceyst" (left hand) {Drain rF+ rC++ Dex+6 SInv}
   (You found it on level 2 of the Abyss)

   [ring of dexterity]

   Dex:       It affects your dexterity (+6).
   rF:        It protects you from fire.
   rC:        It greatly protects you from cold.
   SInv:      It lets you see invisible.
   Drain:     It drains your maximum health when unequipped.
 i - an amulet of magic regeneration
   (You found it on level 2 of the Dungeon)
Scrolls
 f - 2 scrolls of identify {unknown}
 k - a scroll of acquirement {unknown}
 l - a scroll of noise {unknown}

Dungeon Overview and Level Annotations

Branches:
Dungeon (3/15)

Altars:

.#.###.##.#######.#.#
.#.# #.##......##.#.#
...# #.#######.##.#.#
.### #.# #. #.#.#
.#####.#
#.##.#.#######
.......#
#....#.......#
.#####.#
#######!.#######.#
.#####............#
#.# .......#
#######@## #.#
.####### #o# #.# .#
#.o #.# .# #### #.#
.. #.# #. #.# .# #.#
.# #.# #.#


You could see an orc priest and an orc.


Message History

Key pressed, stopping explore.
Key pressed, stopping explore.
Key pressed, stopping explore.
You see here a +0 whip.
Key pressed, stopping explore.
You can no longer bend space around yourself. 😎 HP[+38]
Your hp is fully restored (41).
A rat comes into view.
A rat is nearby!
You barely miss the rat. The rat bites you. 😕 HP[-1]
You take 1 damage, and now have 40/41 hp.
You closely miss the rat. The rat bites you but does no damage.
You closely miss the rat. The rat bites you but does no damage.
You hit the rat.
You kill the rat!
Lugonu accepts your kill. 😎 HP[+1]
Your hp is fully restored (41).
No target in view!
No target in view!
You see here a rat corpse.
Found an escape hatch in the ceiling.
Found a stone staircase leading up.
Key pressed, stopping explore.
Key pressed, stopping explore.
You now have 88 gold pieces (gained 17).
An orc priest comes into view. It is wielding a +0 hand axe.
The orc priest looks braver for a moment.
You see here a metallic red potion.
The orc priest hits you with a +0 hand axe! 😕 HP[-7]
You take 7 damage, and now have 34/41 hp.
You hit the orc priest.
The orc priest hits you with a +0 hand axe. 😕 HP[-3]
You take 3 damage, and now have 31/41 hp.
You barely miss the orc priest.
The orc priest hits you with a +0 hand axe! 😮 HP[-8]
You take 8 damage, and now have 23/41 hp.
You are too injured to fight recklessly!
You are too injured to fight recklessly!
You are too injured to fight recklessly!
You closely miss the orc priest.
The orc priest mumbles some strange prayers to Beogh against you.
Pain shoots through your body!
* * * LOW HITPOINT WARNING * * *
😨 HP[-9]
You take 9 damage, and now have 14/41 hp.
MASSIVE DAMAGE!! (PAUSE)
You hit the orc priest.
The orc priest hits you but does no damage.
The orc priest closely misses you. 😨 HP[+1]
You hit the orc priest but do no damage.
The orc priest hits you with a +0 hand axe.
* * * LOW HITPOINT WARNING * * *
😨 HP[-2]
You take 2 damage, and now have 13/41 hp.
You hit the orc priest.
The orc priest calls down the wrath of Beogh upon you.
Beogh smites you!
* * * LOW HITPOINT WARNING * * *
You hear a shout! x2 😱 HP[-10]
You take 10 damage, and now have 3/41 hp.
MASSIVE DAMAGE!! (PAUSE) It was a potion of heal wounds.
You feel much better.
An orc comes into view. It is wielding a +0 trident.
The orc priest calls down the wrath of Beogh upon you.
Beogh smites you!
* * * LOW HITPOINT WARNING * * *
You hear a shout! 😨 HP[+13]
You regained 13 hp, and now have 16/41 hp.
You completely miss the orc priest.
The orc hits you from afar with a +0 trident.
* * * LOW HITPOINT WARNING * * *
The orc priest completely misses you. 😨 HP[-4]
You take 4 damage, and now have 12/41 hp.
You hit the orc priest.
The orc hits you from afar with a +0 trident.
* * * LOW HITPOINT WARNING * * *
The orc priest hits you with a +0 hand axe.
* * * LOW HITPOINT WARNING * * *
😱 HP[-8]
You take 8 damage, and now have 4/41 hp.
Casting: Freeze (safe; 22% risk of failure)
Confirm with . or Enter, or press ? or * to list all spells.
Aiming: Freeze (safe; 22% risk of failure)
Press: ? - help, Shift-Dir - straight line, f - orc priest
Aim: an orc priest, wielding a +0 hand axe (heavily wounded)
You freeze the orc priest.
* * * LOW HITPOINT WARNING * * *
The orc closely misses you.
The orc priest hits you with a +0 hand axe.
You die...

Skill      XL: |  1  2  3  4 |
---------------+-------------+-----
Invocations    | 2 |  2.8
Long Blades    | 2 |  2.7
Spellcasting   | 1 |  1.3
Dodging        | 3 |  3.3
Fighting       | |  3.7
Armour         | |  1.0

Action                   |  1- 3 |  4- 6 || total
-------------------------+-------+-------++-------
Melee: Falchion          |    84 |    85 ||   169
 Cast: Freeze            |       |     5 ||     5
Invok: Depart the Abyss  |     1 |       ||     1
  Use: Potion            |       |     1 ||     1
 Stab: Sleeping          |     2 |     2 ||     4
Armor: Leather armour    |    19 |    20 ||    39
Dodge: Dodged            |    46 |    49 ||    95

Levels and vault maps discovered:
D:1:      minmay_arrival_up_and_down, layout_loops_corners,
          hellmonk_ecumenical_altar_leap_of_faith
D:2:      layout_loops_ring, grunt_ministairs_1
D:3:      layout_loops_ring, uniq_natasha

Notes
Turn   | Place    | Note
-------+----------+-------------------------------------------
     0 | Abyss:1  | spiderkeys the Djinni Abyssal Knight began the quest for
                  | the Orb.
     0 | Abyss:1  | Reached XP level 1. HP: 20/20 MP: 0/0
     0 | Abyss:1  | magus.rc [v1.9.10]
    27 | Abyss:2  | Identified the ring "Uvoceyst" {Drain rF+ rC++ Dex+6 SInv}
    41 | Abyss:2  | Noticed a small abomination
    60 | Abyss:2  | Noticed a small abomination
    63 | Abyss:2  | Noticed a chaos spawn
    66 | Abyss:2  | Noticed a thrashing horror
    66 | Abyss:2  | Noticed a thrashing horror
    66 | D:1      | You pass through the gate.
    66 | D:1      | Escaped the Abyss
   328 | D:1      | Reached XP level 2. HP: 25/25 MP: 0/0
   380 | D:1      | Reached skill level 2 in Invocations
   402 | D:1      | Reached * piety under Lugonu
   503 | D:1      | Reached skill level 2 in Long Blades
   794 | D:1      | Reached XP level 3. HP: 23/30 MP: 0/0
   794 | D:1      | Learned a level 1 spell: Freeze
  1009 | D:1      | Found a faded altar of an unknown god.
  1733 | D:2      | Reached XP level 4. HP: 30/35 MP: 0/0
  1844 | D:2      | Reached skill level 1 in Spellcasting
  1945 | D:2      | Reached ** piety under Lugonu
  2434 | D:3      | Noticed Natasha
  2448 | D:3      | Killed Natasha
  2449 | D:3      | Reached skill level 3 in Dodging
  2449 | D:3      | Reached XP level 5. HP: 12/40 MP: 0/0
  2449 | D:3      | Learned a level 2 spell: Blink
  2763 | D:3      | Noticed Natasha
  2781 | D:3      | Killed Natasha
  2968 | D:3      | Noticed Natasha
  2986 | D:3      | HP: 5/41 [Natasha/magic dart (9)]
  2986 | D:3      | HP: 2/41 [white imp/puff of frost[Natasha] (3)]
  2987 | D:3      | Killed Natasha
  3446 | D:3      | HP: 3/41 [orc priest/divine providence (10)]
  3450 | D:3      | Slain by an orc priest

Vanquished Creatures
  Natasha (thrice) (D:3)
  4 adders
  4 dart slugs
  4 ball pythons
  5 endoplasms
  A giant cockroach (D:1)
  3 goblins
  4 hobgoblins
  2 jackals
  4 quokkas
  3 bats
  3 frilled lizards
  7 kobolds
  6 rats
53 creatures vanquished.

Table legend:
 A = Non-vault XP
 B = Vault XP
 C = Vault XP percentage of total XP
 D = Non-vault monster count
 E = Vault monster count
 F = Vault count percentage of total count
                 A         B        C        D         E       F
            +---------+---------+-------+---------+---------+-------
      Total |     204 |      41 |  16.7 |      50 |       3 |   5.7
            +---------+---------+-------+---------+---------+-------
        D:1 |      51 |       0 |   0.0 |      26 |       0 |   0.0
        D:2 |      62 |       5 |   7.5 |      16 |       2 |  11.1
        D:3 |      91 |      36 |  28.3 |       8 |       1 |  11.1
            +---------+---------+-------+---------+---------+-------

Illustrated notes

Table legend:
 A = Kills in this place as a percentage of kills in entire the game.
 B = Kills by you in this place as a percentage of kills by you in the entire game.
 C = Kills by friends in this place as a percentage of kills by friends in the entire game.
 D = Other kills in this place as a percentage of other kills in the entire game.
 E = Experience gained in this place as a percentage of experience gained in the entire game.
 F = Experience gained in this place divided by the number of levels of this place that you have seen.
                   A       B       C       D       E      F
               +-------+-------+-------+-------+-------+----------------------
         Total | 100.0 | 100.0 |   N/A |   N/A | 100.0 |  49.0
       Dungeon | 100.0 | 100.0 |   N/A |   N/A | 100.0 |  81.7
               +-------+-------+-------+-------+-------+----------------------

Table legend: (Time is in decaauts)
 A = Elapsed time spent in this place.
 B = Non-inter-level travel time spent in this place.
 C = Inter-level travel time spent in this place.
 D = Time resting spent in this place.
 E = Time spent auto-exploring this place.
 F = Levels seen in this place.
 G = Mean time per level.
                   A        B        C        D        E       F      G
               +--------+--------+--------+--------+--------+-----+--------+
         Total |   3489 |   3392 |     97 |     16 |   2906 |   5 |  697.8 |
       Dungeon |   3424 |   3327 |     97 |     16 |   2891 |   3 | 1141.3 |
         Abyss |     65 |     65 |      0 |      0 |     15 |   2 |   32.5 |
               +--------+--------+--------+--------+--------+-----+--------+

Top non-repeatable levels by time:
     D:1: 1439 daAuts
     D:3: 1079 daAuts
     D:2: 905 daAuts
 Abyss:2: 41 daAuts
 Abyss:1: 24 daAuts
